 Dungeon Crawl Stone Soup version 0.30.1-11-g7821555f0a (webtiles) character file.

Game seed: 3611747972670410017

10263 fireball365 the Cleaver (level 11, -5/106 HPs)
             Began as a Hill Orc Fighter on Dec 10, 2023.
             Was an Initiate of Gozag.
             Slain by a catoblepas (10 damage)
             ... while petrified by a catoblepas
             ... on level 10 of the Dungeon.
             The game lasted 00:29:18 (13736 turns).

fireball365 the Cleaver (Hill Orc Fighter)         Turns: 13736, Time: 00:29:19

Health: -5/106     AC: 16    Str: 24    XL:     11   Next: 59%
Magic:  11/11      EV:  2    Int:  8    God:    Gozag
Gold:   967        SH:  0    Dex: 10    Spells: 10/10 levels left

rFire   + . .        a - +0 war axe (vamp)
rCold   x . .        c - +0 buckler
rNeg    + + +        A - +0 chain mail
rPois   ∞            M - +1 helmet of the Planets {SInv}
rElec   .            (no cloak)
rCorr   .            m - +1 pair of gloves
SInv    +            (no boots)
Will    .....        k - amulet of the acrobat Stlth
                     l - ring of fire
HPRegen 0.37/turn    K - ring of flight
MPRegen 0.12/turn

%: acrobat
@: petrified, flying
A: robust 1
a: Renounce Religion, Potion Petition, Call Merchant, Bribe Branch


You were on level 10 of the Dungeon.
You worshipped Gozag.
Gozag was pleased with you.
You visited 2 branches of the dungeon, and saw 11 of its levels.
You also visited: Sewer and Ossuary.

You collected 1130 gold pieces.
You paid 163 gold pieces to Gozag.

Inventory:

Hand Weapons
 a - a +0 vampiric war axe (weapon)
Missiles
 i - 13 boomerangs (quivered)
Armour
 b - a +0 scale mail
 c - a +0 buckler (worn)
 g - a +0 plate armour
 m - a +1 pair of gloves (worn)
 A - a +0 chain mail (worn)
 M - the +1 helmet of the Planets (worn) {SInv}
   (You acquired it on level 6 of the Dungeon)

   SInv:      It lets you see invisible.
Jewellery
 j - a ring of positive energy
 k - an amulet of the acrobat (around neck)
 l - a ring of fire (left hand)
 s - a ring of wizardry
 y - a ring of willpower
 D - a ring of fire
 G - a ring of positive energy
 K - a ring of flight (right hand)
 Q - a ring of positive energy
Wands
 v - a wand of paralysis (15)
 N - a wand of flame (7)
 O - a wand of iceblast (16)
 R - a wand of polymorph (8)
 S - a wand of mindburst (4)
 U - a wand of acid (1)
Scrolls
 e - 2 scrolls of amnesia
 n - 3 scrolls of enchant weapon
 o - 3 scrolls of blinking
 t - 4 scrolls of teleportation
 B - 2 scrolls of brand weapon
 C - a scroll of fear
 E - 2 scrolls of noise
 F - a scroll of poison
 H - 2 scrolls of butterflies
 P - 4 scrolls of identify
 T - 6 scrolls of enchant armour
 W - 2 scrolls of vulnerability {unknown}
Potions
 d - 3 potions of might
 f - 4 potions of curing
 h - 4 potions of brilliance
 p - a potion of mutation
 q - 4 potions of lignification
 r - a potion of berserk rage
 u - a potion of heal wounds
 w - 2 potions of attraction
 x - 3 potions of cancellation
 z - 2 potions of flight
 I - a potion of haste
 J - 15 potions of degeneration
 L - a potion of resistance
 V - a potion of magic {unknown}


   Skills:
 + Level 9.4 Fighting
 + Level 14.9 Axes
 + Level 10.5 Armour
 + Level 3.4 Dodging
 + Level 1.8 Stealth
 + Level 6.5 Shields
 + Level 1.9 Evocations


You had 10 spell levels left.
You didn't know any spells.
Your spell library contained the following spells:

 Spells                   Type           Power      Damage    Failure   Level
 Beastly Appendage        Tmut           0%         N/A       91%         1
 Sublimation of Blood     Necr           0%         N/A       97%         2
 Wereblood                Tmut           0%         N/A       97%         2
 Call Canine Familiar     Summ           0%         N/A       100%        3
 Portal Projectile        Hex/Tloc       0%         N/A       100%        3
 Spider Form              Tmut/Pois      0%         N/A       100%        3
 Leda's Liquefaction      Hex/Erth       0%         N/A       100%        4
 Summon Forest            Summ/Tloc      0%         N/A       100%        5
 Eringya's Noxious Bog    Tmut/Pois      0%         N/A       100%        6
 Summon Hydra             Summ           0%         N/A       100%        7


Dungeon Overview and Level Annotations

Branches:
Dungeon (10/15)            Temple (1/1) D:4            Lair (0/5) D:8
  Sewer (visited)         Ossuary (visited)
    Orc: D:9-12

Altars:
Ashenzari
Cheibriados
Dithmenos
Elyvilon
Fedhas
Gozag
Hepliaklqana
Kikubaaqudgha
Makhleb
Nemelex Xobeh
Okawaru
Qazlal
Ru
Sif Muna
Trog
Uskayaw
Vehumet
Wu Jian
Xom
Yredelemnul
Zin
The Shining One
Lugonu

Shops:
D:9 (   D:10 :

Annotations:
D:10 exclusion: ice statue


Innate Abilities, Weirdness & Mutations

You are robust. (+10% HP)


Message History

You slash the komodo dragon!
You feel better. The catoblepas gores you!!
You barely miss the catoblepas.
The catoblepas is heavily wounded.
You hit the komodo dragon but do no damage.
You block the komodo dragon's attack.
The catoblepas breathes a plume of calcifying dust at you.
The blast of calcifying dust hits you but does no damage.
You hit the catoblepas.
You feel better.
The catoblepas is severely wounded.
You hit the komodo dragon but do no damage.
You are engulfed in calcifying dust.
You are slowing down.
The komodo dragon hisses menacingly.
The komodo dragon bites you. The catoblepas gores you!!
You hit the catoblepas but do no damage.
The catoblepas is severely wounded.
You hit the komodo dragon but do no damage.
You are engulfed in calcifying dust.
Your limbs have turned to stone.
The komodo dragon bites you! The catoblepas gores you!!
You have turned to stone.
You are engulfed in calcifying dust.
The komodo dragon hisses menacingly.
The komodo dragon bites you but does no damage.
The catoblepas gores you!
You are engulfed in calcifying dust.
The komodo dragon bites you! The catoblepas gores you!
You are engulfed in calcifying dust.
The komodo dragon bites you. The catoblepas gores you!
You are engulfed in calcifying dust.
The komodo dragon bites you.
* * * LOW HITPOINT WARNING * * *
The catoblepas gores you!!
* * * LOW HITPOINT WARNING * * *
You are engulfed in calcifying dust.
The komodo dragon bites you!
* * * LOW HITPOINT WARNING * * *
The catoblepas gores you!
* * * LOW HITPOINT WARNING * * *
The komodo dragon completely misses you.
The catoblepas gores you!!
You die...
Your body crumbles into a pile of gold.

#.################ #.#
#.##..Y:...#.....# ##.#
#.## ......#(((..# #...
#..# .§..#....># #...
##.#### ##'##'##### #...
#...#...#.........+ #.##
#...#$.y#.........# #.##
#...#$yWlY.#####..# #.##
#######.######@.#####..+
#.## #........#
#.........# $#...
#######.## +.........#
###) #.# #####'#####
#... #.# #8≈≈≈≈≈≈≈8#
###. #.# #≈≈≈≈≈≈≈≈≈# #.
#.# #≈~≈~~~~~~# ###.
#.####
#.........#####...
#.#..#
#.#.###...##..###.


You could see a catoblepas, a komodo dragon, a wraith and 2 killer bees.

Vanquished Creatures
  A death yak (D:8)
  2 two-headed ogres
  Sonja (D:10)
  An elephant (D:8)
  2 unseen horrors (D:10)
  Psyche (D:10)
  Maggie (D:8)
  An ice devil (D:10)
  A troll (D:10)
  Grinder (D:4)
  A yak (D:8)
  A vampire (D:9)
  Grum (D:10)
  2 basilisks (D:8)
  2 steam dragons (D:8)
  A water moccasin (D:5)
  5 orc warriors
  A sky beast (D:8)
  2 centaurs
  4 wolves (D:10)
  3 kobold brigands
  Blork the orc (D:4)
  4 wyvern zombies (Ossuary)
  A gnoll sergeant (D:6)
  7 bullfrogs
  5 scorpions
  4 water moccasin zombies (Ossuary)
  3 killer bees (D:10)
  10 howler monkeys
  4 centaur zombies (Ossuary)
  A bullfrog zombie (Ossuary)
  8 orc priests
  2 gnoll boudas
  A hound (D:6)
  4 jellies
  Jessica (D:2)
  9 orc wizards
  2 sleepcaps (D:6)
  Natasha (thrice) (D:4)
  3 killer bee zombies (Ossuary)
  13 mummies (Ossuary)
  2 howler monkey zombies (Ossuary)
  11 gnolls
  8 adders
  3 shadow imps
  2 white imps (D:8)
  6 ufetubi
  11 worms
  6 dart slugs
  24 orcs
  12 ball pythons
  5 endoplasms
  3 giant cockroaches
  10 goblins
  10 hobgoblins
  6 jackals
  5 quokkas
  13 bats
  4 frilled lizards
  21 kobolds
  9 rats
292 creatures vanquished.

Vanquished Creatures (others)
  Sigmund (D:4)
  A killer bee (D:10)
2 creatures vanquished.

Grand Total: 294 creatures vanquished

Notes
Turn   | Place    | Note
-------+----------+-------------------------------------------
     0 | D:1      | fireball365 the Hill Orc Fighter began the quest for the
                  | Orb.
     0 | D:1      | Reached XP level 1. HP: 19/19 MP: 1/1
    33 | D:1      | Reached XP level 2. HP: 27/27 MP: 2/2
    86 | D:1      | Reached skill level 3 in Axes
   225 | D:1      | Reached XP level 3. HP: 33/33 MP: 3/3
  1405 | D:2      | Reached XP level 4. HP: 33/41 MP: 4/4
  1557 | D:2      | Noticed Jessica
  1561 | D:2      | Killed Jessica
  1778 | D:2      | Reached skill level 5 in Fighting
  1915 | D:2      | Found a faded altar of an unknown god.
  2072 | D:2      | Reached XP level 5. HP: 48/48 MP: 5/5
  2503 | D:3      | Reached skill level 4 in Axes
  2882 | D:3      | Found a glowing drain.
  2897 | Sewer    | Entered a sewer
  2926 | Sewer    | Noticed a kobold brigand
  2943 | Sewer    | Killed a kobold brigand
  2944 | Sewer    | Reached XP level 6. HP: 29/56 MP: 6/6
  3075 | Sewer    | Reached skill level 5 in Axes
  4281 | D:3      | Gained mutation: You are robust. (+10% HP) [potion of
                  | mutation]
  4439 | D:4      | Reached skill level 6 in Axes
  4543 | D:4      | Noticed Natasha
  4557 | D:4      | Killed Natasha
  4558 | D:4      | Reached XP level 7. HP: 53/67 MP: 7/7
  4607 | D:4      | Noticed Natasha
  4613 | D:4      | Killed Natasha
  4633 | D:4      | Noticed Natasha
  4643 | D:4      | Killed Natasha
  4871 | D:4      | Noticed Sigmund
  4872 | D:4      | Noticed Blork the orc
  4903 | D:4      | Killed Sigmund
  4904 | D:4      | Reached skill level 5 in Armour
  4904 | D:4      | Reached skill level 1 in Dodging
  4909 | D:4      | Killed Blork the orc
  5089 | D:4      | Found a hazy altar of Hepliaklqana.
  5168 | D:4      | Found a basalt altar of Yredelemnul.
  5221 | D:4      | Found a staircase to the Ecumenical Temple.
  5265 | D:4      | Noticed Grinder
  5289 | D:4      | Paralysed by Grinder for 2 turns
  5294 | D:4      | Killed Grinder
  5295 | D:4      | Reached skill level 7 in Axes
  5295 | D:4      | Reached XP level 8. HP: 77/77 MP: 8/8
  5328 | Temple   | Entered the Ecumenical Temple
  5560 | D:5      | Entered Level 5 of the Dungeon
  5785 | D:5      | Found a sand-covered staircase.
  5941 | Ossuary  | Entered an ossuary
  5964 | Ossuary  | Reached skill level 5 in Shields
  5999 | Ossuary  | Reached skill level 8 in Axes
  6240 | Ossuary  | Reached skill level 9 in Axes
  6544 | Ossuary  | Reached XP level 9. HP: 77/85 MP: 9/9
  6558 | Ossuary  | Reached skill level 10 in Axes
  6968 | D:5      | Identified the +1 ring mail of Util {rN+ Regen+ Int+3}
  7099 | D:5      | Found a shimmering blue altar of Sif Muna.
  7509 | D:5      | Found a glowing golden altar of the Shining One.
  7599 | D:5      | Found a bloodstained altar of Trog.
  8015 | D:6      | Reached skill level 11 in Axes
  8349 | D:6      | Found a shimmering altar of Xom.
  8694 | D:6      | Identified a scroll of acquirement
  8694 | D:6      | Acquired the +1 helmet of the Planets {SInv}
  8705 | D:7      | Found a radiant altar of Vehumet.
  9581 | D:8      | Found a blossoming altar of Fedhas.
  9585 | D:8      | Found an ornate altar of the Wu Jian Council.
  9586 | D:8      | Found an opulent altar of Gozag.
  9633 | D:8      | Found a burning altar of Makhleb.
  9639 | D:8      | Became a worshipper of Gozag Ym Sagoz the Greedy
  9836 | D:8      | Noticed a two-headed ogre
  9859 | D:8      | Killed a two-headed ogre
  9860 | D:8      | Reached skill level 12 in Axes
  9860 | D:8      | Reached XP level 10. HP: 15/96 MP: 10/10
 10167 | D:8      | Noticed an elephant
 10178 | D:8      | Noticed a death yak
 10181 | D:8      | Killed an elephant
 10203 | D:8      | Killed a death yak
 10251 | D:8      | Reached skill level 13 in Axes
 10283 | D:8      | Found a staircase to the Lair.
 10352 | D:8      | Reached skill level 1 in Stealth
 10637 | D:8      | Noticed Maggie
 10667 | D:8      | Killed Maggie
 11153 | D:9      | Found Uwuorero's Antique Weapon Boutique.
 11191 | D:9      | Reached XP level 11. HP: 103/104 MP: 11/11
 11219 | D:9      | Noticed a two-headed ogre
 11233 | D:9      | Killed a two-headed ogre
 11234 | D:9      | Reached skill level 14 in Axes
 11532 | D:9      | Found a sacrificial altar of Ru.
 11690 | D:9      | Found an iron altar of Okawaru.
 11702 | D:9      | Reached skill level 10 in Armour
 11818 | D:9      | Found a glowing silver altar of Zin.
 12338 | D:10     | Entered Level 10 of the Dungeon
 12340 | D:10     | Noticed Sonja
 12367 | D:10     | Killed Sonja
 12571 | D:10     | Reached skill level 1 in Evocations
 12602 | D:10     | Noticed Grum
 12622 | D:10     | Killed Grum
 12928 | D:10     | Found an iron altar of Okawaru.
 12951 | D:10     | Noticed Psyche
 12967 | D:10     | Killed Psyche
 13569 | D:10     | Found Heevuk's Book Emporium.
 13716 | D:10     | Noticed a catoblepas
 13735 | D:10     | HP: 4/106 [catoblepas (6)]
 13736 | D:10     | Slain by a catoblepas

Illustrated notes

Levels and vault maps discovered:
D:1:      erik_arrival_cave_to_civilisation [erik_arrival_cave_to_hall],
          layout_loops_ring
D:2:      minmay_recursive_quarters, layout_loops_corners,
          shapermc_ecumenical_altar_venn, uniq_jessica
D:3:      layout_basic, cheibrodos_sewer_entry_drain, hangedman_glass_teeth,
          chequers_avenue
D:4:      minmay_general_purpose_star, layout_basic, lemuel_tele_altar,
          worldfamousw_hep_ancestral_shrine, minmay_temple_entry_glassed_door,
          uniq_sigmund, uniq_grinder, uniq_blork_the_orc, uniq_natasha
D:5:      layout_loops_ring, trog_book, lemuel_blue_sif_altar,
          kennysheep_mini_moat, nicolae_ossuary_entry_false_entrances
D:6:      layout_basic, nicolae_overflow_crystal_walls
D:7:      layout_basic, vehumet_altar_wand_db, kennysheep_boxes
D:8:      layout_basic, nicolae_overflow_quartered_altars, david_lair_generic,
          enter_bailey_7, minmay_fractal_squares_diagonal_5, uniq_maggie
D:9:      layout_roguey, zin_academy, nicolae_ru_sacrificial_ziggurat,
          serial_shops, shop, david_defended_altar_orc
D:10:     cheibrodos_frozen_isle, layout_basic, okawaru_trees_1, serial_shops,
          shop, evilmike_minifort, uniq_grum, uniq_psyche, uniq_sonja
Temple:   corrupted_temple

Skill      XL: |  1  2  3  4  5  6  7  8  9 10 11 |
---------------+----------------------------------+-----
Fighting       | 4 5 6 7 8 9 |  9.4
Axes           | 3 4 6 7 9 12 13 14 | 14.9
Armour         | 4 5 6 8 9 10 | 10.5
Shields        | 4 5 6 |  6.5
Dodging        | 1 3 |  3.4
Stealth        | 1 |  1.8
Evocations     | 1 |  1.9

Action                     |  1- 3 |  4- 6 |  7- 9 | 10-12 || total
---------------------------+-------+-------+-------+-------++-------
  Melee: War axe           |   100 |   293 |   489 |   343 ||  1225
  Evoke: Wand              |       |       |       |    25 ||    25
    Use: Scroll            |       |    11 |    11 |       ||    22
         Potion            |       |     1 |     3 |     6 ||    10
   Stab: Distracted        |       |       |       |     4 ||     4
         Paralysed         |       |       |       |     1 ||     1
 Armour: Scale mail        |   144 |   139 |       |       ||   283
         Chain mail        |       |    24 |   211 |   168 ||   403
  Dodge: Dodged            |   128 |   188 |   242 |   231 ||   789
  Block: Buckler           |    57 |   101 |   116 |    85 ||   359
